cohdb
Replays
Latest Replays
All Replays
Popular Replays
Top Player Replays
Match Explorer
How It Works
Community
CoH3 Stats
Reddit
Sign in to upload your games and track your stats! →
Sign in with Steam
Match 40407594
Unlisted
Match 40407594
Overview
Messages
Build Orders
End
Selects Panzerjäger Kommand Battlegroup
Kradschützen Motorcycle Team
Selects Mine Fields
Panzergrenadier Squad
250 Light Carrier
Construct Light Support Kompanie
MG34 Team
2.5-tonne Medical Truck
Selects GrB 39 Grenade Launcher Requisition
Fire Support Elements
Panzergrenadier Squad
Pak 38 Mechanized Group
Flakvierling Half-track
Selects Defensive Positions
Selects Butterfly Bomb Drop
Panzerpioneer Squad
2.5-tonne Medical Truck
Butterfly Bomb Drop
Veteran Squad Leaders
Forward Retreat Point
Panzerjäger Mechanized Group
Selects Crew Shock Tactics
Construct Panzerarmee Kommand
Panzer III L Medium Tank
Butterfly Bomb Drop
Flak 36 Anti-tank Gun Team
Armored Reserves
Panzerpioneer Squad
Butterfly Bomb Drop
Tiger Heavy Tank
Butterfly Bomb Drop
Tungsten Core Ammunition
Rapid Advance
Vehicle Survival Package
Emergency Repair Kits
Butterfly Bomb Drop
Advanced Field Repairs
Advanced Optics
Mamumamu
Keamy
bananaphil
[BWR] ЦеНеФуфел
Kylen
runningDuck
Kcodarc
alicece2
0
0
Comments
sign in to comment!
No comments posted yet!